 Dungeon Crawl Stone Soup version 0.14.1 (webtiles) character file.

121 Fritzholm the Sinner (level 3, -6/28 HPs)
             Began as a Draconian Healer on Apr 30, 2014.
             Was a Believer of Elyvilon (penitent).
             Mangled by a phantom (7 damage)
             ... on Level 4 of the Dungeon.
             The game lasted 00:35:02 (1893 turns).

Fritzholm the Sinner (Draconian Healer)             Turns: 1893, Time: 00:35:03

HP  -6/28        AC  5     Str 15      XL: 3   Next: 91%
MP   5/5         EV 12     Int 12      God: *Elyvilon
Gold 57          SH  0     Dex 10      Spells:  0 memorised,  2 levels left

rFire  . . .     SeeInvis .     t - +1,+0 hand axe (freeze)
rCold  . . .     Clarity  .     (armour unavailable)
rNeg   . . .     Conserve .     (no shield)
rPois  .         rCorr    .     (helmet restricted)
rElec  .         rRot     .     (no cloak)
SustAb . .       Spirit   .     (no gloves)
rMut   .         Warding  .     (no boots)
Saprov . . .     Stasis   .     (no amulet)
MR     .....                    (no ring)
                                (no ring)

@: drained, not resistant to hostile enchantments, unstealthy
A: unfitting armour, AC +5
a: Lesser Healing, Renounce Religion


You were on level 4 of the Dungeon.
You worshipped Elyvilon.
Elyvilon was demanding penance.
You were not hungry.

You visited 1 branch of the dungeon, and saw 4 of its levels.

You collected 57 gold pieces.

Inventory:

Hand weapons
 e - a +1,+0 short sword
 i - a +0,+0 dagger
 j - a cursed +0,-1 sling
 l - a +2,+0 short sword of draining
 t - a +1,+0 hand axe of freezing (weapon)
Missiles
 f - 61 bolts
 p - 8 poisoned needles
 r - 2 stones (quivered)
 u - 5 darts
Comestibles
 d - 4 bread rations
 o - 2 meat rations
Scrolls
 a - a scroll of identify
 g - a scroll of teleportation
 n - a scroll of enchant armour {unknown}
 q - a scroll of magic mapping {unknown}
 s - 2 scrolls of blinking
 v - a scroll of remove curse {unknown}
Jewellery
 w - an uncursed amulet of rage {unknown}
Potions
 b - 2 potions of curing
 h - 2 potions of brilliance
 k - 2 potions of haste
 m - a potion of lignification {unknown}


   Skills:
 + Level 1.2(1.0) Fighting
 + Level 0.2(0.0) Short Blades
 + Level 0.2(0.0) Axes
 + Level 3.0(2.7) Dodging
 + Level 4.0(3.7) Invocations


You had 2 spell levels left.
You didn't know any spells.

Dungeon Overview and Level Annotations

Branches:
Dungeon (4/15)             Temple (0/1) D:4

Altars:


Message History

You tail-slap the phantom, but do no damage.
The phantom is almost destroyed.
The phantom hits you.
* * * LOW HITPOINT WARNING * * *
You hit the phantom but do no damage.
The phantom is almost destroyed.
The phantom hits you.
* * * LOW HITPOINT WARNING * * *
The phantom closely misses you.
You barely miss the phantom.
The phantom is almost destroyed.
The phantom hits you.
* * * LOW HITPOINT WARNING * * *
You hit the phantom but do no damage.
The phantom is severely damaged.
The phantom misses you.
You hit the phantom.
The phantom is almost destroyed.
The phantom hits you!
You die...

### ######...###### .
####.###...(.........###....
#.......%.....%.............
#.#.####.............###.#.#
.##.#.#.#.....%.#.).######
#(.((((....8.8.8.#...#
.##........⌠.⌠.(#(..###
#..#..>.8.>.8p(.....#
..........⌠.⌠.@#...#.
.##.#..#.8.8.8.##.##.#
#.#..#(.........# # .
...#####(..#### ##... #[(#.#
. ...(#... ....#..###.#
#.###.## # . ⌠


You could see a phantom.

Vanquished Creatures
  2 adders
  2 worms (D:2)
  A giant gecko (D:1)
  5 goblins
  3 hobgoblins
  4 kobolds
  An ooze (D:2)
  A quokka (D:3)
  4 bats
  A giant cockroach (D:1)
  2 jackals
  7 rats
33 creatures vanquished.

Notes
Turn   | Place    | Note
--------------------------------------------------------------
     0 | D:1      | Fritzholm, the Draconian Healer, began the quest for the Orb.
     0 | D:1      | Reached XP level 1. HP: 16/16 MP: 2/2
   307 | D:1      | Reached XP level 2. HP: 12/23 MP: 4/4
   557 | D:1      | Was placed under penance by Elyvilon
  1195 | D:2      | Reached XP level 3. HP: 19/28 MP: 5/5
  1741 | D:4      | Reached skill level 4 in Invocations
  1763 | D:4      | Found a staircase to the Ecumenical Temple.
  1814 | D:4      | Noticed a phantom
  1891 | D:4      | HP: 1/28 [phantom (1)]
  1893 | D:4      | Mangled by a phantom

Action                   || total
-------------------------++-------
Melee: Short sword       ||    76
       Hand axe          ||    77
Throw: Stone             ||    40
Invok: Lesser Self-Heali ||     1
  Use: Scroll            ||     6
       Potion            ||     2
